 Dungeon Crawl Stone Soup version 0.23-a0-14-g8c9a20f (webtiles) character file.

65886 torrenera the Brawler (level 15, -1/134 HPs)
             Began as a Ghoul Monk on Aug 2, 2018.
             Was the Champion of Kikubaaqudgha.
             Slain by Rupert
             ... wielding a +1 great sword of electrocution
              (15 damage)
             ... on level 14 of the Dungeon.
             The game lasted 00:53:38 (21244 turns).

torrenera the Brawler (Ghoul Monk)                 Turns: 21244, Time: 00:53:40

Health: -1/134     AC: 20    Str: 22    XL:     15   Next: 17%
Magic:  14/14      EV: 24    Int:  5    God:    Kikubaaqudgha [******]
Gold:   1775       SH:  0    Dex: 16    Spells: 14/14 levels left

rFire    . . .     SeeInvis .     - Unarmed
rCold    + . .     Gourm    .   (no shield)
rNeg     + + +     Faith    .   R - +0 plate armour
rPois    ∞         Spirit   .   n - +1 hat
rElec    .         Reflect  .   N - +2 cloak {MR+}
rCorr    .         Harm     .   (no gloves)
MR       ++...                  (no boots)
Stlth    ..........             (no amulet)
HPRegen  0.00/turn              c - +4 ring of evasion
MPRegen  0.14/turn              B - +2 ring of evasion

@: agile, very slightly contaminated, rotting, hasted, invisible, very quick
A: rotting body, claws 1, carnivore, cold resistance 1, negative energy
resistance 3, inhibited regeneration, torment resistance, unbreathing
a: Receive Corpses, Torment, Brand Weapon With Pain, Receive Necronomicon,
Renounce Religion


You were on level 14 of the Dungeon.
You worshipped Kikubaaqudgha.
Kikubaaqudgha was exalted by your worship.
You were not hungry.

You visited 3 branches of the dungeon, and saw 21 of its levels.
You also visited: Ossuary and Bailey.

You collected 1825 gold pieces.
You spent 50 gold pieces at shops.

Inventory:

Hand Weapons
 y - a cursed -3 arbalest
 X - a +0 blowgun
Missiles
 e - 7 exploding tomahawks
 j - 422 stones
 l - 34 bolts
 o - 90 poisoned needles
 p - 9 tomahawks
 v - 204 sling bullets
 O - 7 javelins
 P - 12 curare-tipped needles
 V - 34 tomahawks of returning (quivered)
Armour
 i - a +0 shield
 n - a +1 hat (worn)
 N - a +2 cloak of magic resistance (worn)
 R - a +0 plate armour (worn)
Jewellery
 c - a +4 ring of evasion (left claw)
 g - an uncursed ring of protection from magic
 s - an uncursed amulet of the acrobat
 B - a +2 ring of evasion (right claw)
 F - an uncursed ring of see invisible {unknown}
 W - an uncursed ring of ice
Wands
 q - a wand of digging (23)
 r - a wand of acid (10)
 C - a wand of disintegration (10)
 E - a wand of flame (45)
 Q - a wand of scattershot (3)
 Y - a wand of clouds (8)
Scrolls
 a - a scroll of immolation
 u - 7 scrolls of teleportation
 w - 4 scrolls of fear
 x - 15 scrolls of remove curse
 z - 2 scrolls of summoning {unknown}
 G - 2 scrolls of fog
 I - a scroll of magic mapping
 M - a scroll of amnesia
 U - 3 scrolls of blinking
Potions
 d - 4 potions of cancellation
 f - 9 potions of curing
 h - 4 potions of heal wounds
 m - 2 potions of magic
 t - 5 potions of brilliance
 A - a potion of degeneration {unknown}
 D - 3 potions of ambrosia
 H - 4 potions of flight
 J - 2 potions of might
 K - a potion of invisibility
 S - 3 potions of agility
Miscellaneous
 k - a lamp of fire (inert)
Comestibles
 b - 33 rations
 T - a chunk of flesh


   Skills:
 - Level 12.8 Fighting
 - Level 12.1 Armour
 - Level 11.6 Dodging
 - Level 2.1 Stealth
 - Level 16.5 Unarmed Combat


You had 14 spell levels left.
You didn't know any spells.
Your spell library contained the following spells:

 Spells                   Type           Power        Failure   Level  Hunger
 Magic Dart               Conj           #...         99%         1    ##.....
 Fireball                 Conj/Fire      #.........   100%        5    ######.
 Conjure Flame            Conj/Fire      #.......     100%        3    ####...
 Bolt of Magma            Conj/Fire/Erth #.........   100%        5    ######.
 Slow                     Hex            #.......     100%        2    ###....
 Confuse                  Hex            #.......     100%        3    ####...
 Throw Flame              Conj/Fire      #.....       100%        2    ###....
 Throw Frost              Conj/Ice       #.....       100%        2    ###....
 Mephitic Cloud           Conj/Pois/Air  #.......     100%        3    ####...
 Venom Bolt               Conj/Pois      #.........   100%        5    ######.
 Olgreb's Toxic Radiance  Pois           #.......     100%        4    #####..
 Blink                    Tloc           N/A          100%        2    ###....
 Animate Dead             Necr           N/A          100%        4    #####..
 Pain                     Necr           #...         99%         1    ##.....
 Animate Skeleton         Necr           N/A          99%         1    ##.....
 Vampiric Draining        Necr           #.........   100%        3    ####...
 Freeze                   Ice            #...         99%         1    ##.....
 Sticky Flame             Conj/Fire      #.......     100%        4    #####..
 Summon Ice Beast         Ice/Summ       #.......     100%        4    #####..
 Ozocubu's Armour         Chrm/Ice       #.......     100%        3    ####...
 Call Imp                 Summ           #.......     100%        2    ###....
 Dispel Undead            Necr           #.......     100%        5    ######.
 Regeneration             Chrm/Necr      #.........   100%        3    ####...
 Sting                    Conj/Pois      #...         99%         1    ##.....
 Corpse Rot               Necr           N/A          100%        2    ###....
 Iron Shot                Conj/Erth      #.........   100%        6    #######
 Stone Arrow              Conj/Erth      #.....       100%        3    ####...
 Agony                    Necr           #.......     100%        5    ######.
 Statue Form              Tmut/Erth      #........    100%        6    #######
 Dragon Form              Tmut           #.........   100%        7    #######
 Throw Icicle             Conj/Ice       #.......     100%        4    #####..
 Confusing Touch          Hex            #.....       99%         1    ##.....
 Flame Tongue             Conj/Fire      #....        99%         1    ##.....
 Passwall                 Tmut/Erth      #.......     100%        2    ###....
 Metabolic Englaciation   Hex/Ice        #.........   100%        5    ######.
 Shatter                  Erth           #.........   100%        9    #######
 Lee's Rapid Deconstruct  Erth           #.........   100%        5    ######.
 Sandblast                Erth           #.....       99%         1    ##.....
 Simulacrum               Ice/Necr       #.........   100%        6    #######
 Excruciating Wounds      Chrm/Necr      #.........   100%        5    ######.
 Petrify                  Tmut/Erth      #.......     100%        4    #####..
 Leda's Liquefaction      Hex/Erth       #.........   100%        4    #####..
 Inner Flame              Hex/Fire       #.......     100%        3    ####...
 Hydra Form               Tmut           #.........   100%        6    #######
 Irradiate                Conj/Tmut      #.........   100%        5    ######.
 Gell's Gravitas          Tloc           #.........   100%        3    ####...
 Yara's Violent Unravell  Hex/Tmut       #.........   100%        5    ######.
 Poisonous Vapours        Pois/Air       #.....       100%        2    ###....


Dungeon Overview and Level Annotations

Branches:
Dungeon (14/15)            Temple (1/1) D:4            Lair (6/6) D:9
  Swamp (0/4) Lair:2        Snake (0/4) Lair:4        Slime (0/5) Lair:6
    Orc (0/2) D:11         Vaults (0/5) D:13

Altars:
Ashenzari
Cheibriados
Fedhas
Gozag
Hepliaklqana
Kikubaaqudgha
Trog
Uskayaw
Vehumet
Wu Jian
Xom
Yredelemnul
Zin
Jiyva

Shops:
D:4 }?=:   D:6 :%

Annotations:
D:14 Rupert


Innate Abilities, Weirdness & Mutations

Your body is rotting away.
You thrive on raw meat.
You are immune to poison.
You have sharp fingernails.
You are carnivorous and can eat meat at any time.
Your flesh is cold resistant. (rC+)
You are immune to negative energy. (rN+++)
You do not regenerate when monsters are visible.
You are immune to unholy pain and torment.
You can survive without breathing.


Message History

Rupert is almost dead.
Rupert completely misses you.
Evoke which item? (* to show all) (? for menu, Esc to quit)
Aiming: Scattershot
Press: ? - help, Shift-Dir - straight line, f/p - Rupert
Aim: Rupert, wielding a great sword of electrocution and wearing a scale mail (almost dead, berserk, fast, unusually strong)
The burst of metal fragments hits Rupert. x3
Rupert is almost dead.
Rupert misses you.
Evoke which item? (* to show all) (? for menu, Esc to quit)
Aiming: Scattershot
Press: ? - help, Shift-Dir - straight line, f/p - Rupert
Aim: Rupert, wielding a great sword of electrocution and wearing a scale mail (almost dead, berserk, fast, unusually strong)
The burst of metal fragments hits Rupert. x3
Rupert is almost dead.
Rupert hits you with a great sword of electrocution!!
* * * LOW HITPOINT WARNING * * *
You are electrocuted!
You die...
Kikubaaqudgha rasps: "You have failed me!
Welcome... oblivion!"

##.+### #.....# #.#.#.#
#.....# ##.#.#.####
#...........# +##
#...........# ...#
+...........######....#
#...>......['...@@....#
#...........######....#
#...........# ...#
...........# ..#
##+######## .# #


You could see Rupert (berserk).

Vanquished Creatures
  An ettin (D:13)
  A yaktaur captain (D:10)
  2 ice dragons
  The ghost of Kuinu the Arsonist, a journeyman DrFE of Vehumet (D:10)
  9 hydras
  2 catoblepae (Lair:6)
  Erica (D:10)
  A tengu warrior (D:13)
  5 two-headed ogres
  A deep troll shaman (Lair:6)
  8 death yaks
  Sonja (D:12)
  A wizard (D:13)
  Pikel (D:5)
  2 cyclopes
  An oklob plant (Lair:2)
  A manticore (D:13)
  An orc knight (Bailey)
  15 elephants
  A black mamba (shapeshifter) (D:12)
  4 black mambas
  A gargoyle (D:12)
  12 spiny frogs
  2 torpor snails
  A kobold demonologist (D:13)
  A rime drake (Lair:6)
  3 komodo dragons
  4 trolls
  3 meliai
  6 polar bears
  Grinder (D:3)
  9 blink frogs
  A raiju (shapeshifter) (D:13)
  5 hippogriffs
  47 yaks
  A vampire (D:13)
  A wyvern (shapeshifter) (D:13)
  8 wyverns
  2 basilisks
  5 vampire mosquitoes
  Grum (D:8)
  4 hungry ghosts
  A steam dragon (D:12)
  2 nagas (Lair:4)
  4 wargs (D:11)
  Duvessa (D:4)
  12 water moccasins
  11 porcupines
  5 orc warriors
  A hornet zombie (D:8)
  A sky beast (D:9)
  2 black bears
  2 eyes of draining
  8 ice beasts
  6 necrophages
  2 phantoms
  3 ogres
  11 centaurs
  14 wolves
  11 crocodiles
  3 big kobolds
  Blork the orc (D:4)
  21 bullfrogs
  An elf zombie (D:6)
  2 gnoll sergeants
  2 wyvern zombies
  An elf skeleton (D:6)
  Dowan (D:4)
  A wyvern skeleton (D:10)
  5 scorpions
  16 wights
  2 howler monkeys
  4 crimson imps
  2 bullfrog zombies (D:8)
  A quasit (D:9)
  2 centaur zombies
  3 orc priests
  3 jellies
  2 bullfrog skeletons
  Crazy Yiuf (D:6)
  2 centaur skeletons
  A gnoll shaman (D:8)
  10 hounds
  Ijyb (D:4)
  Terence (D:2)
  8 orc wizards
  Natasha (D:1)
  2 iguanas
  6 worker ants
  2 human skeletons (D:6)
  2 killer bee zombies
  A hound zombie (D:8)
  2 hound skeletons
  9 mummies
  2 worker ant zombies
  20 gnolls
  13 adders
  2 shadow imps
  2 oozes
  A dart slug (D:2)
  3 leopard geckos
  20 orcs
  A ball python (D:3)
  4 bats (D:1)
  4 giant cockroaches
  10 goblins
  9 hobgoblins
  6 jackals
  4 quokkas
  7 frilled lizards
  A hobgoblin zombie (Ossuary)
  26 kobolds
  5 kobold zombies (Ossuary)
  2 orc skeletons (D:6)
  2 orc zombies (Ossuary)
  13 rats
  A fungus (Lair:2)
  A plant (Lair:2)
556 creatures vanquished.

Vanquished Creatures (others)
  An orc wizard (D:5)
  An orc (D:13)
  A giant cockroach (D:5)
  16 fungi
  7 plants
26 creatures vanquished.

Grand Total: 582 creatures vanquished

Notes
Turn   | Place    | Note
-------+----------+-------------------------------------------
     0 | D:1      | torrenera the Ghoul Monk began the quest for the Orb.
     0 | D:1      | Reached XP level 1. HP: 19/19 MP: 0/0
   115 | D:1      | Reached XP level 2. HP: 26/26 MP: 1/1
   130 | D:1      | Reached skill level 4 in Unarmed Combat
   874 | D:2      | Noticed Natasha
   879 | D:2      | Noticed a crimson imp
   881 | D:2      | Reached XP level 3. HP: 30/31 MP: 2/2
   902 | D:1      | Killed Natasha
   902 | D:1      | Reached skill level 5 in Unarmed Combat
   943 | D:2      | Reached XP level 4. HP: 33/38 MP: 3/3
  1120 | D:2      | Found an opulent altar of Gozag.
  1188 | D:2      | Noticed Terence
  1208 | D:2      | Killed Terence
  1208 | D:2      | Reached skill level 6 in Unarmed Combat
  1259 | D:2      | Reached XP level 5. HP: 44/45 MP: 4/4
  1316 | D:2      | Found a hide-covered altar of Uskayaw.
  1437 | D:2      | Found a shattered altar of Ashenzari.
  2001 | D:3      | Noticed Grinder
  2008 | D:3      | Paralysed by Grinder for 3 turns
  2030 | D:3      | Killed Grinder
  2030 | D:3      | Reached skill level 7 in Unarmed Combat
  2030 | D:3      | Reached XP level 6. HP: 25/51 MP: 5/5
  2222 | D:3      | Reached skill level 8 in Unarmed Combat
  2252 | D:3      | Found a bloodstained altar of Trog.
  2355 | D:3      | Found a shimmering altar of Xom.
  2759 | D:4      | Found a staircase to the Ecumenical Temple.
  2770 | Temple   | Entered the Ecumenical Temple
  2776 | Temple   | Became a worshipper of Kikubaaqudgha
  2776 | Temple   | Reached * piety under Kikubaaqudgha
  2776 | Temple   | Identified Kikubaaqudgha's Compendium of Unholy Rituals (Kikubaaqudgha gifted it to you in the Ecumenical Temple)
  2776 | Temple   | Received a gift from Kikubaaqudgha
  2776 | Temple   | Reached ** piety under Kikubaaqudgha
  2802 | D:4      | Found Nyhiu's Gadget Boutique.
  2803 | D:4      | Found Nuzxiz's Magic Scroll Boutique.
  2806 | D:4      | Found Zamadojy's Book Boutique.
  2807 | D:4      | Found Linnyina's Jewellery Boutique.
  2814 | D:4      | Noticed Duvessa
  2814 | D:4      | Noticed Dowan
  2833 | D:4      | Killed Duvessa
  2833 | D:4      | Reached XP level 7. HP: 27/57 MP: 6/6
  2837 | D:4      | Killed Dowan
  2844 | D:4      | Bought a scroll of remove curse for 30 gold pieces
  2844 | D:4      | Bought a scroll of identify for 20 gold pieces
  3003 | D:4      | Reached skill level 9 in Unarmed Combat
  3108 | D:4      | Noticed Blork the orc
  3129 | D:4      | Killed Blork the orc
  3143 | D:4      | Found a basalt altar of Yredelemnul.
  3252 | D:4      | Noticed Ijyb
  3266 | D:4      | Killed Ijyb
  3388 | D:4      | Reached skill level 10 in Unarmed Combat
  3550 | D:5      | Entered Level 5 of the Dungeon
  3588 | D:5      | Reached XP level 8. HP: 61/63 MP: 7/7
  3653 | D:5      | Found a snail-covered altar of Cheibriados.
  3751 | D:5      | Noticed Pikel
  3779 | D:5      | Killed Pikel
  3779 | D:5      | Reached skill level 11 in Unarmed Combat
  4218 | D:6      | Reached skill level 12 in Unarmed Combat
  4233 | D:6      | Reached XP level 9. HP: 59/70 MP: 8/8
  4235 | D:6      | Found a sand-covered staircase.
  4245 | Ossuary  | Entered an ossuary
  4252 | Ossuary  | Reached *** piety under Kikubaaqudgha
  4252 | Ossuary  | Identified Kikubaaqudgha's Collected Works on Dark Arts (Kikubaaqudgha gifted it to you in an ossuary)
  4252 | Ossuary  | Received a gift from Kikubaaqudgha
  4565 | D:6      | Found Iribilerghas's Book Shoppe.
  4605 | D:6      | Found Ycol's Food Shoppe.
  4938 | D:6      | Found an ornate altar of the Wu Jian Council.
  5048 | D:6      | Reached skill level 5 in Fighting
  5149 | D:6      | Found a bloodstained altar of Trog.
  5345 | D:6      | Found a runed door.
  5349 | D:6      | Noticed Crazy Yiuf
  5352 | D:6      | Killed Crazy Yiuf
  5783 | D:7      | Reached **** piety under Kikubaaqudgha
  6538 | D:8      | Noticed Grum
  6549 | D:8      | Reached XP level 10. HP: 76/91 MP: 9/9
  6560 | D:8      | Killed Grum
  6671 | D:8      | Reached skill level 10 in Fighting
  7140 | D:8      | Reached ***** piety under Kikubaaqudgha
  7344 | D:8      | Reached skill level 1 in Armour
  7937 | D:9      | Found a staircase to the Lair.
  8244 | Lair:1   | Entered Level 1 of the Lair of Beasts
  8248 | Lair:1   | Noticed a black mamba
  8263 | Lair:1   | Reached skill level 5 in Armour
  8277 | Lair:1   | Killed a black mamba
  8277 | Lair:1   | Reached XP level 11. HP: 68/102 MP: 10/10
  8387 | Lair:1   | Found a shimmering altar of Xom.
  8770 | Lair:1   | Noticed a six-headed hydra
  8781 | Lair:1   | Killed a six-headed hydra
 10027 | Lair:2   | Noticed an oklob plant
 10046 | Lair:2   | Killed an oklob plant
 10632 | Lair:2   | Reached skill level 10 in Armour
 10708 | Lair:2   | Found a staircase to the Swamp.
 11079 | Lair:2   | Reached XP level 12. HP: 98/110 MP: 11/11
 11247 | Lair:2   | Reached skill level 5 in Dodging
 11552 | Lair:3   | Noticed a six-headed hydra
 11556 | Lair:3   | Killed a six-headed hydra
 12497 | Lair:4   | Noticed an eight-headed hydra
 12617 | Lair:4   | Found a staircase to the Snake Pit.
 12790 | Lair:4   | Noticed a death yak
 12790 | Lair:4   | Noticed a death yak
 12836 | Lair:4   | Killed a death yak
 12850 | Lair:4   | Noticed a death yak
 12853 | Lair:4   | Noticed a death yak
 12854 | Lair:4   | Noticed a death yak
 12872 | Lair:4   | Killed a death yak
 12879 | Lair:4   | Killed a death yak
 12882 | Lair:4   | Killed a death yak
 12891 | Lair:4   | Killed a death yak
 12982 | Lair:4   | Reached skill level 10 in Dodging
 12982 | Lair:4   | Reached XP level 13. HP: 107/116 MP: 12/12
 13597 | Lair:5   | Reached skill level 13 in Unarmed Combat
 14127 | Lair:6   | Entered Level 6 of the Lair of Beasts
 14247 | Lair:6   | Reached skill level 14 in Unarmed Combat
 14451 | Lair:6   | Reached ****** piety under Kikubaaqudgha
 14590 | Lair:6   | Found a viscous altar of Jiyva.
 14591 | Lair:6   | Found a staircase to the Slime Pits.
 14739 | Lair:6   | Reached skill level 15 in Unarmed Combat
 15011 | Lair:6   | Reached XP level 14. HP: 86/124 MP: 13/13
 15724 | Lair:6   | HP: 4/124 [death yak (9)]
 16151 | Lair:6   | Reached skill level 16 in Unarmed Combat
 16502 | D:10     | Entered Level 10 of the Dungeon
 16541 | D:10     | Found a runed gate.
 16541 | D:10     | Found a runed gate.
 16542 | D:10     | Found a runed gate.
 16544 | D:10     | Found an opulent altar of Gozag.
 16544 | D:10     | Noticed Kuinu's ghost (journeyman DrFE)
 16626 | D:10     | Killed Kuinu's ghost
 17330 | D:10     | Noticed Erica
 17341 | D:10     | Killed Erica
 17417 | D:11     | Found a staircase to the Orcish Mines.
 18927 | D:12     | Noticed Sonja
 18936 | D:12     | Killed Sonja
 19793 | D:13     | Found a flagged portal.
 19846 | Bailey   | Entered a bailey
 19882 | Bailey   | Noticed an orc warlord
 20049 | Bailey   | Found a runed gate.
 20049 | Bailey   | Found a runed gate.
 20069 | Bailey   | Found a runed gate.
 20420 | D:13     | Reached XP level 15. HP: 122/134 MP: 4/14
 21043 | D:13     | Found a gate to the Vaults.
 21218 | D:14     | Noticed Rupert
 21244 | D:14     | Slain by Rupert

Vault maps used:
D:1:      kennysheep_arrival_forest
D:2:      grunt_gozag_statues, nicolae_overflow_hidden_temple,
          ashenzari_altar_1, uniq_natasha, uniq_terence
D:3:      nicolae_overflow_crystal_walls, minivault_27, bloody_trog,
          uniq_grinder
D:4:      lemuel_coloured_pillars_altar, minmay_temple_entry_butterflies,
          first_ration, minmay_shop_grid_forest, kennysheep_donut, uniq_duvessa,
          uniq_blork_the_orc, uniq_ijyb
D:5:      basic_altar, uniq_pikel
D:6:      kennysheep_little_box, lemuel_round_altar, serial_shops,
          kennysheep_mini, shop, nicolae_ossuary_entry_catacombs,
          grunt_decor_cap, uniq_crazy_yiuf_cottage
D:7:      hangedman_decor_points
D:8:      serial_undead, serial_undead_a, serial_undead_c, serial_undead_a,
          serial_undead_d, uniq_grum
D:9:      lair_entry_dummy
D:10:     ebering_ghost_gozag, uniq_erica
D:11:     minmay_orc_entry_guard_dogs, portal_ice_cave_entry_animals_and_master,
          serial_corexii_hall, corexii_hall_statues_t, corexii_hall_statues_x
D:12:     uniq_sonja
D:13:     david_vaults_4, enter_bailey_3
D:14:     basic_altar, glass_columns_a, uniq_frances, uniq_rupert
Temple:   eino_temple_rhombus
Lair:1:   basic_altar, beast_lair_carwin_1, lemuel_fruit_tree,
          grunt_megastairs_3
Lair:2:   swamp_mist, ldierk_geyser, minmay_lair_oklob_chamber
Lair:3:   beast_lair_carwin_4, grunt_megastairs_5
Lair:4:   guppyfry_snake_entry_island
Lair:6:   grunt_lair_end_beastmaster, dpeg_slime_entry_enclosed_altar
Ossuary:  ossuary_tomb_3
Bailey:   bailey_axe_bossmonster_kennysheep, bailey

Skill      XL: |  1  2  3  4  5  6  7  8  9 10 11 12 13 14 15 |
---------------+----------------------------------------------+-----
Unarmed Combat | 4 5 6 7 8 10 12 15 16 | 16.5
Fighting       | 9 11 12 | 12.8
Armour         | 5 10 11 12 | 12.1
Dodging        | 3 10 11 | 11.6
Stealth        | |  2.1

Action                   |  1- 3 |  4- 6 |  7- 9 | 10-12 | 13-15 || total
-------------------------+-------+-------+-------+-------+-------++-------
Melee: Unarmed           |   101 |   139 |   349 |   709 |  1095 ||  2393
       Punch             |     2 |     4 |    10 |    33 |    71 ||   120
Throw: Javelin           |       |       |     6 |       |     9 ||    15
       Stone             |       |       |     1 |       |       ||     1
       Tomahawk          |       |       |       |       |    12 ||    12
Invok: Receive Corpses   |       |       |     1 |       |     2 ||     3
Evoke: Wand              |       |       |       |    11 |    26 ||    37
       Lamp of fire      |       |       |       |     1 |     1 ||     2
  Use: Potion            |     2 |     1 |       |       |     7 ||    10
       Scroll            |       |       |     2 |    13 |    17 ||    32
 Stab: Sleeping          |     2 |       |       |       |       ||     2
       Confused          |       |       |       |       |     3 ||     3
  Eat: Chunk             |     3 |     8 |    28 |    83 |   159 ||   281
Armor: Robe              |    20 |       |       |       |       ||    20
       Ring mail         |    22 |    10 |       |       |       ||    32
       Chain mail        |       |    44 |   137 |    57 |       ||   238
       Plate armour      |       |       |       |   304 |   511 ||   815
Dodge: Dodged            |    83 |    47 |   117 |   421 |  1025 ||  1693

Table legend:
 A = Spawn XP
 B = Non-spawn XP
 C = Spawn XP percentage of total XP
 D = Spawn monster count
 E = Non-spawn monster count
 F = Spawn count percentage of total count
 G = Total turns spent on level
                    A         B        C        D         E        F      G
               +---------+---------+-------+---------+---------+-------+---------
         Total |       0 |   94124 |   0.0 |       0 |     554 |   0.0 | 21244
               +---------+---------+-------+---------+---------+-------+---------
           D:1 |       0 |      68 |   0.0 |       0 |      23 |   0.0 |   888
           D:2 |       0 |     125 |   0.0 |       0 |      25 |   0.0 |  1064
           D:3 |       0 |     326 |   0.0 |       0 |      16 |   0.0 |   684
           D:4 |       0 |     675 |   0.0 |       0 |      15 |   0.0 |   896
           D:5 |       0 |     980 |   0.0 |       0 |      13 |   0.0 |   531
           D:6 |       0 |    1175 |   0.0 |       0 |      25 |   0.0 |  1288
           D:7 |       0 |     972 |   0.0 |       0 |      22 |   0.0 |   905
           D:8 |       0 |    2752 |   0.0 |       0 |      42 |   0.0 |   851
           D:9 |       0 |    1508 |   0.0 |       0 |      15 |   0.0 |   920
          D:10 |       0 |    9115 |   0.0 |       0 |      50 |   0.0 |   913
          D:11 |       0 |    6365 |   0.0 |       0 |      36 |   0.0 |  1210
          D:12 |       0 |    5731 |   0.0 |       0 |      24 |   0.0 |  1031
          D:13 |       0 |   10421 |   0.0 |       0 |      45 |   0.0 |  1006
        Lair:1 |       0 |    4653 |   0.0 |       0 |      23 |   0.0 |  1483
        Lair:2 |       0 |    8305 |   0.0 |       0 |      32 |   0.0 |  1691
        Lair:3 |       0 |    3593 |   0.0 |       0 |      15 |   0.0 |  1103
        Lair:4 |       0 |    9242 |   0.0 |       0 |      23 |   0.0 |  1009
        Lair:5 |       0 |    7127 |   0.0 |       0 |      20 |   0.0 |   709
        Lair:6 |       0 |   20011 |   0.0 |       0 |      53 |   0.0 |  2225
       Ossuary |       0 |     156 |   0.0 |       0 |      16 |   0.0 |   237
        Bailey |       0 |     824 |   0.0 |       0 |      21 |   0.0 |   534
               +---------+---------+-------+---------+---------+-------+---------
